Map: Odyssey LE

Players

Strange

  • Race: Protoss Protoss
  • Spawn Location: 5:00

Cloudy - Winner!

  • Race: Protoss Protoss
  • Spawn Location: 11:00

Event: WCS Valencia 2017

VOD

Have the link to the VOD?

Description

Time

  • Played on: July 13, 2017, 10:33 a.m.
  • Length: 5:49

All games in this series

Show
View Real Time Build Order
Export as new Build Order

Strange Protoss 

Build Orders:  

Get SALT Encoding   

  12  0:00  Probe (Chrono Boost)  
  13  0:11  Probe (Chrono Boost)  
  14  0:17  Pylon  
  14  0:22  Probe (Chrono Boost)  
  15  0:35  Probe (Chrono Boost)  
  16  0:36  Gateway  
  16  0:41  Assimilator  
  16  0:45  Probe (Chrono Boost)  
  17  0:51  Assimilator  
  17  0:56  Probe (Chrono Boost)  
  18  1:07  Probe (Chrono Boost)  
  18  1:08  Gateway  
  19  1:17  Probe (Chrono Boost)  
  20  1:23  Cybernetics Core  
  20  1:28  Probe (Chrono Boost)  
  21  1:32  Pylon  
  21  1:38  Probe (Chrono Boost)  
  22  1:49  Probe (Chrono Boost)  
  23  2:00  Stalker x2  
  27  2:04  Mothership Core (Chrono Boost)  
  29  2:08  Warp Gate (Chrono Boost)  
  29  2:16  Pylon  
  29  2:22  Probe  
  30  2:46  Nexus  
  30  2:51  Stalker  
  32  2:59  Stalker  
  32  3:02  Probe  
  35  3:13  Pylon  
  35  3:14  Probe  
  36  3:24  Robotics Facility  
  37  3:27  Probe (Chrono Boost)  
  37  3:32  Sentry  
  37  3:33  Sentry  
  41  3:39  Probe (Chrono Boost)  
  42  3:45  Twilight Council  
  42  3:49  Probe (Chrono Boost)  
  43  3:58  Probe (Chrono Boost)  
  43  4:00  Probe (Chrono Boost)  
  45  4:07  Probe (Chrono Boost)  
  46  4:10  Probe (Chrono Boost)  
  46  4:11  Observer (Chrono Boost)  
  46  4:15  Forge  
  48  4:17  Probe  
  48  4:22  Probe  
  50  4:28  Probe, Assimilator  
  51  4:34  Probe  
  51  4:37  Observer, Assimilator  
  53  4:38  Probe  
  53  4:43  Pylon  
  54  4:46  Probe  
  54  4:50  Probe  
  56  4:58  Probe  
  57  5:02  Probe  
  57  5:06  Immortal (Chrono Boost)  
  62  5:11  Probe, Adept x2  
  63  5:15  Pylon  
  63  5:20  Pylon  
  56  5:29  Pylon  
  56  5:32  Pylon  
  56  5:35  Stalker  
Show
View Real Time Build Order
Export as new Build Order

Cloudy Protoss - Winner!

Build Orders:  

Get SALT Encoding   

  12  0:01  Probe (Chrono Boost)  
  13  0:11  Probe (Chrono Boost)  
  14  0:18  Pylon  
  14  0:22  Probe (Chrono Boost)  
  15  0:36  Probe (Chrono Boost), Gateway  
  16  0:43  Assimilator  
  16  0:47  Probe (Chrono Boost)  
  17  0:53  Assimilator  
  17  0:58  Probe (Chrono Boost)  
  18  1:08  Probe (Chrono Boost)  
  19  1:13  Gateway  
  19  1:19  Probe (Chrono Boost)  
  19  1:23  Cybernetics Core  
  20  1:29  Probe (Chrono Boost)  
  20  1:31  Pylon  
  22  1:40  Probe (Chrono Boost)  
  22  1:50  Probe (Chrono Boost)  
  23  1:59  Warp Gate (Chrono Boost)  
  23  2:00  Stalker  
  23  2:01  Stalker  
  27  2:04  Probe (Chrono Boost)  
  30  2:15  Mothership Core  
  30  2:21  Pylon  
  30  2:38  Stalker x2  
  34  2:58  Nexus  
  34  3:10  Robotics Facility  
  34  3:14  Sentry  
  36  3:22  Sentry (Chrono Boost)  
  38  3:27  Gateway  
  38  3:31  Pylon  
  38  3:36  Probe (Chrono Boost)  
  39  3:49  Probe  
  40  3:56  Warp Prism (Chrono Boost)  
  40  3:58  Sentry  
  40  4:01  Stalker  
  46  4:07  Probe  
  47  4:10  Probe  
  48  4:23  Stalker x2  
  52  4:28  Stalker  
  54  4:33  Pylon  
  54  4:43  Probe  
  55  4:53  Stalker x3  
  55  4:59  Probe x2  
  63  5:21  Stalker x3  
  65  5:30  Probe  
  69  5:45  Stalker x2  
Tags
 
Add a new tag
Caveats
  • Supply blocks, unpowered buildings, or Contaminate may cause inaccurate times.
  • Supply counts are checked every 10 seconds.